 Dungeon Crawl Stone Soup version 0.18.1-5-g4a78601 (webtiles) character file.

81 inmateoo the Insei (level 4, -2/26 HPs)
             Began as a Tengu Transmuter on May 11, 2016.
             Killed from afar by an orc wizard (10 damage)
             ... with a puff of frost
             ... on level 3 of the Dungeon.
             The game lasted 00:04:32 (3072 turns).

inmateoo the Insei (Tengu Transmuter)               Turns: 3072, Time: 00:04:33

Health: -2/26      AC:  2    Str: 12    XL:     4   Next: 40%
Magic:  1/8        EV: 13    Int: 13    God:
Gold:   144        SH:  0    Dex: 14    Spells: 3 memorised, 1 level left

rFire  . . .     SeeInvis .       - Unarmed
rCold  . . .     Gourm    .     b - +0 robe
rNeg   . . .     Faith    .     (no shield)
rPois  .         Spirit   .     (helmet restricted)
rElec  .         Dismiss  .     (no cloak)
rCorr  .         Reflect  .     (no gloves)
SustAt .         Harm     .     (boots unavailable)
MR     .....                    (no amulet)
Stlth  +.........               (no ring)
                                (no ring)

@: very slightly contaminated, not resistant to hostile enchantments, very
unstealthy
A: beak, talons 3
a: no special abilities


You were on level 3 of the Dungeon.
You were hungry.

You visited 1 branch of the dungeon, and saw 3 of its levels.

You collected 144 gold pieces.

Inventory:

Hand Weapons
 g - a +0 club
 w - a +0 blowgun
Missiles
 a - 46 arrows
 x - 17 poisoned needles
Armour
 b - a +0 robe (worn)
 e - a +0 chain mail
Wands
 y - a wand of slowing (22/48)
Scrolls
 h - 2 scrolls of magic mapping {unknown}
 j - a scroll of identify {unknown}
 k - a scroll of enchant armour {unknown}
 o - a scroll of blinking {unknown}
 r - 2 scrolls of enchant weapon {unknown}
 t - a scroll of teleportation {unknown}
 v - a scroll of amnesia {unknown}
 z - a scroll of remove curse
Potions
 f - a potion of curing {unknown}
 l - a potion of resistance {unknown}
 n - a potion of ambrosia {unknown}
 p - 2 potions of degeneration {unknown}
 s - a potion of lignification {unknown}
 u - a potion of flight {unknown}
Books
 c - a book of Changes

   Spells                             Type                      Level
   a - Beastly Appendage              Transmutation                1
   b - Sticks to Snakes               Transmutation                2
   c - Spider Form                    Transmutation/Poison         3
   d - Ice Form                       Ice/Transmutation            4
   e - Blade Hands                    Transmutation                5
Comestibles
 d - 2 bread rations
 i - a beef jerky
 m - a meat ration
 q - a royal jelly


   Skills:
 + Level 2.0 Fighting
 + Level 2.0 Armour
 + Level 3.0 Dodging
 * Level 4.0 Unarmed Combat
 - Level 2.0 Spellcasting
 * Level 1.6 Transmutations


You had one spell level left.
You knew the following spells:

 Your Spells              Type           Power        Failure   Level  Hunger
a - Beastly Appendage     Trmt           #.....       14%         1    ##.....
b - Sticks to Snakes      Trmt           #.......     21%         2    ###....
c - Spider Form           Trmt/Pois      #.........   65%         3    ####...


Dungeon Overview and Level Annotations

Branches:
Dungeon (3/15)

Altars:
Nemelex Xobeh


Innate Abilities, Weirdness & Mutations

You have a beak for a mouth.
You have claws for feet.


Message History

Casting: Sticks to Snakes
Confirm with . or Enter, or press ? or * to list all spells.
You create a snake!
You now have 46 arrows.
Unknown command.
The orc wizard hits your ball python with a dagger.
Your ball python misses the orc wizard.
Your ball python grabs the orc wizard.
Your ball python constricts the orc wizard.
The orc wizard hits your ball python but does no damage.
Unknown command.
Your ball python bites the orc wizard but does no damage.
Your ball python constricts the orc wizard.
The orc wizard casts a spell at your ball python.
The puff of frost hits your ball python.
Your ball python dies!
Unknown command.
You are feeling hungry.
The orc wizard miscasts a cantrip.
The orc wizard casts a spell at you. The puff of frost hits you!
You die...

##.###.....
#########..........
...........###.....
######.##.# #.....
####### #.##.# ######
......# #.##.#
......# ######.##.#
......# #...#(.##.#
.)....#
#####@#...###.#
......# ###.....#(.##
...o..####...#####..#
###o....#.o### #..#
.o..#o....###### #.##
###............###.#
####..........##.#
##.......รท...#.#
#####............#.#


You could see an orc wizard.

Vanquished Creatures
  3 adders (D:2)
  A worm (D:2)
  A giant gecko (D:1)
  An orc (D:3)
  2 ball pythons (D:1)
  3 giant cockroaches
  6 goblins
  7 hobgoblins
  4 kobolds
  2 quokkas (D:2)
  7 bats
  2 giant newts
  6 rats (D:1)
45 creatures vanquished.

Notes
Turn   | Place    | Note
--------------------------------------------------------------
     0 | D:1      | inmateoo the Tengu Transmuter began the quest for the Orb.
     0 | D:1      | Reached XP level 1. HP: 12/12 MP: 4/4
   235 | D:1      | Reached XP level 2. HP: 15/16 MP: 6/6
   693 | D:1      | Reached skill level 1 in Armour
   965 | D:1      | Reached XP level 3. HP: 21/21 MP: 7/7
  1657 | D:2      | Reached XP level 4. HP: 18/26 MP: 6/8
  1897 | D:2      | Learned a level 2 spell: Sticks to Snakes
  1939 | D:2      | Learned a level 3 spell: Spider Form
  2616 | D:3      | Reached skill level 4 in Unarmed Combat
  2632 | D:3      | Found a sparkling altar of Nemelex Xobeh.
  3072 | D:3      | Killed from afar by an orc wizard

Skill      XL: |  1  2  3  4 |
---------------+-------------+-----
Armour         | 1 2 |  2.0
Fighting       | 2 |  2.0
Dodging        | 3 |  3.0
Unarmed Combat | 4 |  4.0
Spellcasting   | |  2.0
Transmutations | |  1.6

Action                   |  1- 3 |  4- 6 || total
-------------------------+-------+-------++-------
Melee: Unarmed           |   102 |    30 ||   132
       Kick              |    18 |     8 ||    26
       Peck              |    17 |     3 ||    20
       Headbutt          |     5 |     4 ||     9
       Punch             |     1 |       ||     1
 Cast: Beastly Appendage |    11 |     8 ||    19
       Sticks to Snakes  |       |     3 ||     3
  Use: Scroll            |       |     1 ||     1
  Eat: Chunk             |     2 |     5 ||     7
Armor: Robe              |    19 |     6 ||    25
Dodge: Dodged            |    77 |    21 ||    98
